| TOP OF THE 1ST |
|
Clinton LumberKings batting - Pitching for Burlington Bees : RHP Dave Jackson
|
|
Pitching: RHP Dave Jackson
|
|
|
Batting: RHB Rick Ellis
|
0-0: Foul Ball, location: 2F 0-1: Ground out U3 (Groundball, 34, EV 90.6 MPH)
|
|
Batting: SHB Jose Castillo
|
0-0: Ground out 5-3 (Groundball, 56S, EV 83.8 MPH)
|
|
Batting: LHB Jason Hopkins
|
0-0: Ball 1-0: Called Strike 1-1: Foul Ball, location: 2F 1-2: Foul Ball, location: 2F 1-2: Fly out, F7 (Flyball, 7LD, EV 90.0 MPH)
|
| Top of the 1st over - 0 runs, 0 hits, 0 errors, 0 left on base; Clinton 0 - Burlington 0 |
| BOTTOM OF THE 1ST |
|
Burlington Bees batting - Pitching for Clinton LumberKings : RHP Trevor Jacobsen
|
|
Pitching: RHP Trevor Jacobsen
|
|
|
Batting: RHB Jonathan Ellis
|
0-0: Ground out 1-3 (Groundball, P, EV 70.6 MPH)
|
|
Batting: RHB Adam Noyes
|
0-0: Ball 1-0: Foul Ball, location: 2F 1-1: Ball 2-1: Swinging Strike 2-2: Ball 3-2: SINGLE (Line Drive, 8RS, EV 103.8 MPH)
|
|
Batting: RHB Luis Romero
|
0-0: Called Strike 0-1: Ball 1-1: Ball 2-1: Called Strike 2-2: Ball 3-2: Foul Ball, location: 2F 3-2: Strikes out swinging
|
|
Batting: LHB Bill Kirtley
|
0-0: Ball 1-0: Ball 2-0: Ball 3-0: Called Strike 3-1: Ground out 4-3 (Groundball, 4, EV 86.3 MPH)
|
| Bottom of the 1st over - 0 runs, 1 hit, 0 errors, 1 left on base; Clinton 0 - Burlington 0 |
| TOP OF THE 2ND |
|
Clinton LumberKings batting - Pitching for Burlington Bees : RHP Dave Jackson
|
|
Batting: LHB Justin Long
|
0-0: Ground out U3 (Groundball, 3, EV 88.1 MPH)
|
|
Batting: LHB Brian Butler
|
0-0: Called Strike 0-1: Ball 1-1: SINGLE (Groundball, 34D, EV 106.9 MPH)
|
|
Batting: SHB Detlef Oursler
|
0-0: Ball 1-0: Called Strike 1-1: Called Strike Brian Butler steals 2nd base 1-2: Strikes out swinging
|
|
Batting: LHB Ryan Rothenbach
|
0-0: Ground out 6-3 (Groundball, 6, EV 89.4 MPH)
|
| Top of the 2nd over - 0 runs, 1 hit, 0 errors, 1 left on base; Clinton 0 - Burlington 0 |
| BOTTOM OF THE 2ND |
|
Burlington Bees batting - Pitching for Clinton LumberKings : RHP Trevor Jacobsen
|
|
Batting: LHB Jorge Zermeno
|
0-0: Ground out 6-3 (Groundball, 6, EV 92.5 MPH)
|
|
Batting: RHB Ryuji Ito
|
0-0: Foul Ball, location: 2F 0-1: Ball 1-1: Ball 2-1: Ball 3-1: Foul Ball, location: 2F 3-2: Base on Balls
|
|
Batting: RHB Andy White
|
0-0: Ball Ryuji Ito steals 2nd base 1-0: Called Strike 1-1: Swinging Strike 1-2: Ball 2-2: Ball 3-2: Strikes out swinging
|
|
Batting: RHB Ben Herman
|
0-0: Ball 1-0: Called Strike 1-1: Foul Ball, location: 2F 1-2: Ball 2-2: Ball 3-2: Strikes out swinging
|
| Bottom of the 2nd over - 0 runs, 0 hits, 0 errors, 1 left on base; Clinton 0 - Burlington 0 |
| TOP OF THE 3RD |
|
Clinton LumberKings batting - Pitching for Burlington Bees : RHP Dave Jackson
|
|
Batting: RHB Emmanuel Thomas
|
0-0: Foul Ball, location: 2F 0-1: Ball 1-1: Ball 2-1: Foul Ball, location: 2F 2-2: Hit by Pitch
|
|
Batting: SHB Victor Rijos
|
0-0: Ball 1-0: Called Strike 1-1: Called Strike Emmanuel Thomas steals 2nd base 1-2: Ball 2-2: Ball 3-2: Fly out, F5 (Line Drive, 5, EV 69.4 MPH)
|
|
Batting: RHB Rick Ellis
|
Balk! Emmanuel Thomas to third 0-0: Ball 1-0: Called Strike 1-1: Foul Ball, location: 2F 1-2: Ground out 6-3 (Groundball, 6, EV 106.9 MPH) Emmanuel Thomas scores
|
|
Batting: SHB Jose Castillo
|
0-0: Swinging Strike 0-1: Ball 1-1: Ball 2-1: Ball 3-1: Called Strike 3-2: SINGLE (Line Drive, 9S, EV 90.6 MPH)
|
|
Batting: LHB Jason Hopkins
|
0-0: Ball 1-0: Fly out, F3 (Flyball, 3D, EV 88.8 MPH)
|
| Top of the 3rd over - 1 run, 1 hit, 0 errors, 1 left on base; Clinton 1 - Burlington 0 |
| BOTTOM OF THE 3RD |
|
Burlington Bees batting - Pitching for Clinton LumberKings : RHP Trevor Jacobsen
|
|
Batting: SHB Tim Connell
|
0-0: Swinging Strike 0-1: Ball 1-1: Foul Ball, location: 2F 1-2: Fly out, F8 (Flyball, 8RXD, EV 95.6 MPH)
|
|
Batting: RHB Jonathan Ellis
|
0-0: Called Strike 0-1: Called Strike 0-2: Ball 1-2: Reached on error, E6 (Groundball, 6, EV 85.6 MPH)
|
|
Batting: RHB Adam Noyes
|
0-0: Ball Jonathan Ellis steals 2nd base 1-0: Ground out 6-3 (Groundball, 6M, EV 83.1 MPH) Jonathan Ellis to third
|
|
Batting: RHB Luis Romero
|
0-0: Foul Ball, location: 2F 0-1: Ball 1-1: Ball 2-1: Ball 3-1: 2-RUN HOME RUN (Flyball, 78XD, EV 97.5 MPH), Distance : 397 ft
|
|
Batting: LHB Bill Kirtley
|
0-0: Ball 1-0: Called Strike 1-1: Ball 2-1: Ground out 6-3 (Groundball, 6, EV 106.3 MPH)
|
| Bottom of the 3rd over - 2 runs, 1 hit, 1 error, 0 left on base; Clinton 1 - Burlington 2 |
| TOP OF THE 4TH |
|
Clinton LumberKings batting - Pitching for Burlington Bees : RHP Dave Jackson
|
|
Batting: LHB Justin Long
|
0-0: Called Strike 0-1: Ball 1-1: Swinging Strike 1-2: Foul Ball, location: 2F 1-2: Ball 2-2: Strikes out swinging
|
|
Batting: LHB Brian Butler
|
0-0: Called Strike 0-1: Swinging Strike 0-2: Strikes out looking
|
|
Batting: SHB Detlef Oursler
|
0-0: Swinging Strike 0-1: Called Strike 0-2: Ball 1-2: Strikes out swinging
|
| Top of the 4th over - 0 runs, 0 hits, 0 errors, 0 left on base; Clinton 1 - Burlington 2 |
| BOTTOM OF THE 4TH |
|
Burlington Bees batting - Pitching for Clinton LumberKings : RHP Trevor Jacobsen
|
|
Batting: LHB Jorge Zermeno
|
0-0: Ball 1-0: Ball 2-0: Ball 3-0: Foul Ball, location: 2F 3-1: Foul Ball, location: 2F 3-2: Foul Ball, location: 2F 3-2: DOUBLE (Flyball, 8LXD, EV 112.5 MPH)
|
|
Batting: RHB Ryuji Ito
|
0-0: Ball 1-0: Ball 2-0: SINGLE (Flyball, 89S, EV 90.6 MPH) Jorge Zermeno to third
|
|
Batting: RHB Andy White
|
0-0: Ball 1-0: Called Strike 1-1: SINGLE (Groundball, 6MD, EV 100.6 MPH) Jorge Zermeno scores Ryuji Ito to second
|
|
Batting: RHB Ben Herman
|
0-0: Ball 1-0: Ball 2-0: Called Strike 2-1: Ball 3-1: Fly out, F8 (Flyball, 8RM, EV 90.0 MPH)
|
|
Batting: SHB Tim Connell
|
0-0: Called Strike 0-1: Swinging Strike 0-2: Strikes out swinging
|
|
Batting: RHB Jonathan Ellis
|
0-0: Ball 1-0: Called Strike 1-1: Ball 2-1: Called Strike 2-2: Strikes out swinging
|
| Bottom of the 4th over - 1 run, 3 hits, 0 errors, 2 left on base; Clinton 1 - Burlington 3 |
| TOP OF THE 5TH |
|
Clinton LumberKings batting - Pitching for Burlington Bees : RHP Dave Jackson
|
|
Batting: LHB Ryan Rothenbach
|
0-0: Ground out 4-3 (Groundball, 4, EV 81.9 MPH)
|
|
Batting: RHB Emmanuel Thomas
|
0-0: Called Strike 0-1: Foul Ball, location: 2F 0-2: Foul Ball, location: 2F 0-2: Foul Ball, location: 2F 0-2: Foul Ball, location: 2F 0-2: Ball 1-2: Ball 2-2: Foul Ball, location: 2F 2-2: Ground out 3-1 (Groundball, 34, EV 80.6 MPH)
|
|
Batting: SHB Victor Rijos
|
0-0: Ground out 4-3 (Groundball, 4, EV 81.9 MPH)
|
| Top of the 5th over - 0 runs, 0 hits, 0 errors, 0 left on base; Clinton 1 - Burlington 3 |
| BOTTOM OF THE 5TH |
|
Burlington Bees batting - Pitching for Clinton LumberKings : RHP Trevor Jacobsen
|
|
Pitching: RHP Yic Chen
|
|
|
Batting: RHB Adam Noyes
|
0-0: Ground out 3-1 (Groundball, 34, EV 87.5 MPH)
|
|
Batting: RHB Luis Romero
|
0-0: Ball 1-0: Ball 2-0: Foul Ball, location: 2F 2-1: Foul Ball, location: 2F 2-2: Fly out, F7 (Line Drive, 7S, EV 105.6 MPH)
|
|
Batting: LHB Bill Kirtley
|
0-0: Ball 1-0: Called Strike 1-1: Ball 2-1: Ground out 3-1 (Groundball, 34, EV 95.0 MPH)
|
| Bottom of the 5th over - 0 runs, 0 hits, 0 errors, 0 left on base; Clinton 1 - Burlington 3 |
| TOP OF THE 6TH |
|
Clinton LumberKings batting - Pitching for Burlington Bees : RHP Dave Jackson
|
|
Batting: RHB Rick Ellis
|
0-0: Called Strike 0-1: Fly out, F8 (Flyball, 8LD, EV 93.8 MPH)
|
|
Batting: SHB Jose Castillo
|
0-0: Ball 1-0: Swinging Strike 1-1: Foul Ball, location: 2F 1-2: Ball 2-2: Ball 3-2: Strikes out swinging
|
|
Batting: LHB Jason Hopkins
|
0-0: Ball 1-0: Ball 2-0: SOLO HOME RUN (Flyball, 9D, EV 97.5 MPH), Distance : 368 ft
|
|
Batting: LHB Justin Long
|
0-0: Called Strike 0-1: Ball 1-1: Foul Ball, location: 2F 1-2: Foul Ball, location: 2F 1-2: SOLO HOME RUN (Flyball, 9D, EV 92.5 MPH), Distance : 362 ft
|
|
Batting: LHB Brian Butler
|
0-0: Swinging Strike 0-1: Called Strike 0-2: Foul Ball, location: 2F 0-2: Ground out 4-3 (Groundball, 4, EV 85.0 MPH)
|
| Top of the 6th over - 2 runs, 2 hits, 0 errors, 0 left on base; Clinton 3 - Burlington 3 |
| BOTTOM OF THE 6TH |
|
Burlington Bees batting - Pitching for Clinton LumberKings : RHP Yic Chen
|
|
Batting: LHB Jorge Zermeno
|
0-0: Ball 1-0: Ball 2-0: Ball 3-0: Base on Balls
|
|
Batting: RHB Ryuji Ito
|
0-0: Called Strike 0-1: Called Strike 0-2: SINGLE (Flyball, 6D, EV 91.3 MPH) Jorge Zermeno to second
|
|
Batting: RHB Andy White
|
0-0: Foul Ball, location: 2F 0-1: Foul Ball, location: 2F 0-2: Ball 1-2: Fly out, F4 (Flyball, 34D, EV 78.8 MPH)
|
|
Pitching: LHP Rentaro Minami
|
|
|
Batting: RHB Ben Herman
|
0-0: Ball 1-0: SINGLE (Groundball, 4MD, EV 103.1 MPH) Jorge Zermeno to third Ryuji Ito to second
|
|
Batting: SHB Tim Connell
|
0-0: Called Strike 0-1: Ball 1-1: SINGLE (Groundball, 4, EV 100.6 MPH) (infield hit) Jorge Zermeno scores Ryuji Ito to third Ben Herman to second
|
|
Batting: RHB Jonathan Ellis
|
0-0: Ball 1-0: Called Strike 1-1: Swinging Strike 1-2: Strikes out swinging
|
|
Batting: RHB Adam Noyes
|
0-0: Ball 1-0: Foul Ball, location: 2F 1-1: Called Strike 1-2: Ball 2-2: Ball 3-2: Foul Ball, location: 2F 3-2: Base on Balls Ryuji Ito scores Ben Herman to third Tim Connell to second
|
|
Batting: RHB Luis Romero
|
0-0: Ball 1-0: Foul Ball, location: 2F 1-1: Fielders Choice at 2nd, 5-4 (Groundball, 56, EV 103.8 MPH)
|
| Bottom of the 6th over - 2 runs, 3 hits, 0 errors, 3 left on base; Clinton 3 - Burlington 5 |
| TOP OF THE 7TH |
|
Clinton LumberKings batting - Pitching for Burlington Bees : RHP Dave Jackson
|
|
Pitching: LHP Jose Rivera
|
|
|
Batting: SHB Detlef Oursler
|
0-0: Foul Ball, location: 2F 0-1: Ball 1-1: Ball 2-1: Ball 3-1: Called Strike 3-2: Base on Balls
|
|
Batting: LHB Ryan Rothenbach
|
0-0: Ball 1-0: Ball Detlef Oursler is caught stealing 2nd base 2-6 2-0: Called Strike 2-1: Called Strike 2-2: Strikes out swinging
|
|
Batting: RHB Emmanuel Thomas
|
0-0: Called Strike 0-1: Ball 1-1: Ball 2-1: Ball 3-1: Base on Balls
|
|
Batting: SHB Victor Rijos
|
0-0: Ball 1-0: Called Strike Emmanuel Thomas is caught stealing 2nd base 2-4
|
| Top of the 7th over - 0 runs, 0 hits, 0 errors, 0 left on base; Clinton 3 - Burlington 5 |
| BOTTOM OF THE 7TH |
|
Burlington Bees batting - Pitching for Clinton LumberKings : LHP Rentaro Minami
|
|
Pitching: RHP Pat Warne
|
|
|
Batting: LHB Bill Kirtley
|
0-0: Called Strike 0-1: Called Strike 0-2: Ball 1-2: Strikes out swinging
|
|
Batting: LHB Jorge Zermeno
|
0-0: Foul Ball, location: 2F 0-1: Foul Ball, location: 2F 0-2: Ball 1-2: Strikes out swinging
|
|
Batting: RHB Ryuji Ito
|
0-0: Ball 1-0: Foul Ball, location: 2F 1-1: Ball 2-1: Called Strike 2-2: Foul Ball, location: 2F 2-2: Foul Ball, location: 2F 2-2: Strikes out swinging
|
| Bottom of the 7th over - 0 runs, 0 hits, 0 errors, 0 left on base; Clinton 3 - Burlington 5 |
| TOP OF THE 8TH |
|
Clinton LumberKings batting - Pitching for Burlington Bees : LHP Jose Rivera
|
|
Pitching: RHP Craig Murphy
|
|
|
Batting: SHB Victor Rijos
|
0-0: Ground out 5-3 (Groundball, 5, EV 88.1 MPH)
|
|
Batting: RHB Rick Ellis
|
0-0: Foul Ball, location: 2F 0-1: Foul Ball, location: 2F 0-2: Foul Ball, location: 2F 0-2: Ball 1-2: Strikes out swinging
|
|
Batting: SHB Jose Castillo
|
0-0: Swinging Strike 0-1: Foul Ball, location: 2F 0-2: Ball 1-2: Ball 2-2: Strikes out swinging
|
| Top of the 8th over - 0 runs, 0 hits, 0 errors, 0 left on base; Clinton 3 - Burlington 5 |
| BOTTOM OF THE 8TH |
|
Burlington Bees batting - Pitching for Clinton LumberKings : RHP Pat Warne
|
|
Pitching: LHP Justin Neikirk
|
|
|
Batting: RHB Andy White
|
0-0: Ball 1-0: Called Strike 1-1: Ball 2-1: Ball 3-1: Base on Balls
|
|
Batting: RHB Ben Herman
|
0-0: Bunt missed! 0-1: Ball 1-1: Bunted foul 1-2: SINGLE (Line Drive, 34, EV 104.4 MPH) Andy White to second
|
|
Batting: SHB Tim Connell
|
0-0: Ball 1-0: Grounds into double play, 5-4-3 (Groundball, 56, EV 101.9 MPH) Andy White to third
|
|
Batting: RHB Jonathan Ellis
|
0-0: Foul Ball, location: 2F 0-1: Called Strike 0-2: Fly out, F7 (Flyball, 7, EV 91.9 MPH)
|
| Bottom of the 8th over - 0 runs, 1 hit, 0 errors, 1 left on base; Clinton 3 - Burlington 5 |
| TOP OF THE 9TH |
|
Clinton LumberKings batting - Pitching for Burlington Bees : RHP Craig Murphy
|
|
Pitching: LHP Cody Bodenhamer
|
|
|
Batting: LHB Jason Hopkins
|
0-0: Ground out U3 (Groundball, 3, EV 85.6 MPH)
|
|
Pinch Hitting: RHB Justin Colella
|
0-0: Ball 1-0: Foul Ball, location: 2F 1-1: Ball 2-1: Foul Ball, location: 2F 2-2: Ball 3-2: Ground out 5-3 (Groundball, 56, EV 103.1 MPH)
|
|
Pinch Hitting: RHB Josh O'Neal
|
0-0: Ball 1-0: Foul Ball, location: 2F 1-1: Ball 2-1: Foul Ball, location: 2F 2-2: Foul Ball, location: 2F 2-2: Fly out, F4 (Line Drive, 4, EV 66.3 MPH)
|
| Top of the 9th over - 0 runs, 0 hits, 0 errors, 0 left on base; Clinton 3 - Burlington 5 |
|